 Dungeon Crawl Stone Soup version 0.29-a0-334-gb41bcbb86e (webtiles) character file.

Game seed: 5149150003316262079

452 zishaf the Magician (level 7, -1/50 HPs)
             Began as a Djinni Venom Mage on Apr 16, 2022.
             Was an Initiate of Ashenzari.
             Slain by a wight
             ... wielding a +3 battleaxe
              (13 damage)
             ... on level 4 of the Dungeon.
             The game lasted 00:09:04 (4349 turns).

zishaf the Magician (Djinni Venom Mage)             Turns: 4349, Time: 00:09:04

Health: -1/50      AC:  8    Str: 13    XL:     7   Next: 26%
Gold:   199        EV: 13    Int: 18    God:    Ashenzari [......] SH:  0 Dex: 14

rFire   + + .      SeeInvis +   f - +2 mace (vorpal)
rCold   x . .      Faith    .   (no shield)
rNeg    . . .      Spirit   .   a - +0 robe
rPois   ∞          Reflect  .   p - +0 helmet {SInv}
rElec   .          Harm     .   (no cloak)
rCorr   .          Rampage  .   y - +0 pair of gloves
Will    .....                   (boots unavailable)
Stlth   ++........              (no amulet)
HPRegen 0.16/turn               g - +4 ring of protection
MPRegen 0.00/turn               v - +6 ring of strength

@: flying
A: sickness immunity, fire resistance 2, cold vulnerability 1, float, innate
caster, HP casting, extra vitality 1
a: Renounce Religion, Curse Item


You were on level 4 of the Dungeon.
You worshipped Ashenzari.
Ashenzari was noncommittal.
You visited 1 branch of the dungeon, and saw 4 of its levels.

You collected 199 gold pieces.

Inventory:

Hand Weapons
 b - a +0 short sword
 f - a +2 vorpal mace (weapon)
 o - a +2 dagger of draining
Missiles
 A - a throwing net
Armour
 a - a +0 robe (worn)
 p - a +0 helmet of see invisible (worn)
 y - a +0 pair of gloves (worn)
Jewellery
 g - a +4 ring of protection (left hand)
 l - a ring of ice
 v - a +6 ring of strength (right hand)
 x - a ring of see invisible
Wands
 w - a wand of paralysis (2)
 B - a wand of iceblast (10)
Scrolls
 d - a scroll of silence {unknown}
 e - a scroll of magic mapping {unknown}
 h - 2 scrolls of immolation {unknown}
 i - a scroll of fear {unknown}
 j - a scroll of amnesia {unknown}
 k - 2 scrolls of enchant armour {unknown}
 m - a scroll of vulnerability {unknown}
 n - 3 scrolls of teleportation {unknown}
 s - a scroll of summoning {unknown}
 t - 2 scrolls of noise {unknown}
 C - a scroll of identify {unknown}
Potions
 c - 9 potions of curing {unknown}
 q - 2 potions of attraction {unknown}
 r - 2 potions of mutation {unknown}
 u - a potion of heal wounds {unknown}
 z - a potion of lignification {unknown}


   Skills:
 + Level 3.1 Fighting
 - Level 4.0 Dodging
 - Level 3.0 Stealth
 + Level 4.2 Spellcasting


You couldn't memorise any spells.
You knew the following spells:

 Your Spells              Type           Power      Damage    Failure   Level
a - Sting                 Tmut/Pois      76%        1d6       2%          1
b - Poisonous Vapours     Pois/Air       38%        N/A       3%          2
c - Mephitic Cloud        Conj/Pois/Air  19%        N/A       8%          3
d - Olgreb's Toxic Radia  Pois           19%        N/A       26%         4
e - Summon Small Mammal   Summ           76%        N/A       2%          1
f - Wereblood             Tmut           19%        N/A       3%          2
g - Ozocubu's Armour      Ice            19%        N/A       8%          3
Your spell library was empty.

Dungeon Overview and Level Annotations

Branches:
Dungeon (4/15)
 Temple: D:4-7

Altars:
Ashenzari
Yredelemnul

Annotations:
D:3 3 runed translucent doors, Antichthon's ghost, amateur NaWr


Innate Abilities, Weirdness & Mutations

You are immune to sickness and miasma.
You are immune to poison.
Your flesh is very heat resistant. (rF++)
You are vulnerable to cold. (rC-)
You float through the air rather than walking.
You learn spells naturally, not from books.
Your magical power is your life essence.
You have superior vitality. (+4 MHP)


Message History

An orc comes into view. It is wielding a +0 club.
The orc closely misses you.
You hit the orc.
You kill the orc!
An orc comes into view. It is wielding a +0 war axe.
You hit the orc.
You kill the orc!
The orc barely misses you.
You closely miss the orc. The orc hits you but does no damage.
You thump the orc!
You kill the orc!
No target in view!
A wight comes into view. It is wielding a +4 battleaxe.
The wight hits you with a +4 battleaxe!
Items here: ))) [[[ †.
You hit the wight but do no damage. The wight misses you.
You barely miss the wight. The wight hits you with a +4 battleaxe.
You hit the wight.
The wight is moderately damaged.
The wight completely misses you.
A wight comes into view. It is wielding a +4 long sword.
The wight hits you with a +4 battleaxe.
The wight moves out of view.
You closely miss the wight.
The wight is moderately damaged.
The wight closely misses you.
A wight comes into view. It is wielding a +3 battleaxe.
You hit the wight.
The wight is severely damaged.
The wight closely misses you. The wight barely misses you.
You hit the wight but do no damage.
The wight is severely damaged.
The wight hits you with a +4 battleaxe!
You hit the wight but do no damage.
The wight is severely damaged.
You barely miss the wight.
The wight is severely damaged.
The wight hits you with a +4 battleaxe!
* * * LOW HITPOINT WARNING * * *
The wight misses you. The wight hits you with a +3 battleaxe!
You die...

......# #.#
...#.......#
......#
##.##...#.......#
####### .
#.......#.#.....#
...###..##.#.#.
.....#
...............
.....#
...###<)...#.##
#....# .
#.....###.#
#....)....#
###.@######
.......zzz.....
######..##.####
#... .# #.#. # #.
.. #. #. #. .#


You could see 3 wights.

Vanquished Creatures
  An ogre (D:4)
  A phantom (D:4)
  A scorpion (D:4)
  A gnoll shaman (D:4)
  8 gnolls
  4 adders
  An adder zombie (D:3)
  3 worms
  2 dart slugs
  6 orcs
  4 ball pythons
  4 bats (D:1)
  10 endoplasms
  7 giant cockroaches
  5 goblins
  4 hobgoblins
  6 jackals
  7 kobolds
  2 quokkas
  2 frilled lizards (D:3)
  A quokka zombie (D:3)
  3 rats
83 creatures vanquished.

Vanquished Creatures (others)
  9 plants (D:2)
9 creatures vanquished.

Grand Total: 92 creatures vanquished

Notes
Turn   | Place    | Note
-------+----------+-------------------------------------------
     0 | D:1      | zishaf the Djinni Venom Mage began the quest for the Orb.
     0 | D:1      | Reached XP level 1. HP: 15/15 MP: 0/0
   104 | D:1      | Reached XP level 2. HP: 12/21 MP: 0/0
   600 | D:1      | Reached XP level 3. HP: 22/25 MP: 0/0
   600 | D:1      | Learned a level 1 spell: Summon Small Mammal
  1151 | D:1      | Reached XP level 4. HP: 12/31 MP: 0/0
  1911 | D:2      | Found a faded altar of an unknown god.
  1976 | D:2      | Reached XP level 5. HP: 9/35 MP: 0/0
  1976 | D:2      | Learned a level 2 spell: Wereblood
  2488 | D:3      | Found a broken altar of Ashenzari.
  2566 | D:3      | Became a worshipper of Ashenzari the Shackled
  2990 | D:3      | Found a runed translucent gate.
  2990 | D:3      | Found a runed translucent gate.
  2990 | D:3      | Found a runed translucent gate.
  2990 | D:3      | Noticed Antichthon's ghost (amateur NaWr)
  2993 | D:3      | Found a basalt altar of Yredelemnul.
  3343 | D:4      | Reached skill level 1 in Fighting
  3343 | D:4      | Reached XP level 6. HP: 42/42 MP: 0/0
  4008 | D:4      | Reached XP level 7. HP: 30/49 MP: 0/0
  4008 | D:4      | Learned a level 3 spell: Ozocubu's Armour
  4349 | D:4      | Slain by a wight

Illustrated notes

Levels and vault maps discovered:
D:1:      dpeg_arrival_rooms_b, layout_loops_ring
D:2:      layout_rooms, dilly_ecumenical_altar_fadedgnrine
D:3:      layout_basic, nicolae_yredelemnul_ghost_church,
          mainiacjoe_overflow_alcove_1, chequers_serial_rivers_room_a,
          st_stairs_1
D:4:      layout_basic, grunt_decor_fettered, minmay_misc_feat_rows,
          minmay_crystal_water

Skill      XL: |  1  2  3  4  5  6  7 |
---------------+----------------------+-----
Stealth        | 2 3 |  3.0
Dodging        | 3 4 |  4.0
Spellcasting   | 3 4 |  4.2
Fighting       | 1 2 3 |  3.1

Action                   |  1- 3 |  4- 6 |  7- 9 || total
-------------------------+-------+-------+-------++-------
Melee: Short sword       |    38 |       |       ||    38
       Mace              |    41 |    40 |    14 ||    95
       Dagger            |       |    76 |       ||    76
 Cast: Sting             |    12 |    19 |       ||    31
       Poisonous Vapours |       |    28 |     6 ||    34
       Mephitic Cloud    |       |     1 |       ||     1
 Stab: Sleeping          |     2 |     6 |       ||     8
Armor: Robe              |    23 |    46 |     2 ||    71
Dodge: Dodged            |    61 |    91 |     9 ||   161

Table legend: (Time is in decaauts)
 A = Elapsed time spent in this place.
 B = Non-inter-level travel time spent in this place.
 C = Inter-level travel time spent in this place.
 D = Time resting spent in this place.
 E = Time spent auto-exploring this place.
 F = Levels seen in this place.
 G = Mean time per level.
                   A        B        C        D        E       F      G
               +--------+--------+--------+--------+--------+-----+--------+
         Total |   4388 |   4277 |    111 |    577 |   2813 |   4 | 1097.0 |
       Dungeon |   4388 |   4277 |    111 |    577 |   2813 |   4 | 1097.0 |
               +--------+--------+--------+--------+--------+-----+--------+

Top non-repeatable levels by time:
     D:1: 1374 daAuts
     D:2: 1142 daAuts
     D:4: 1030 daAuts
     D:3: 840 daAuts
